 Dungeon Crawl Stone Soup version 0.16-a0-3770-gc215ce9 (webtiles) character file.

95 TIT the Shooter (level 4, 0/25 HPs)
             Began as a Tengu Arcane Marksman on Jan 24, 2015.
             Killed from afar by an orc wizard (4 damage)
             ... with a magic dart
             ... on level 3 of the Dungeon.
             The game lasted 00:14:09 (2399 turns).

TIT the Shooter (Tengu Arcane Marksman)             Turns: 2399, Time: 00:14:09

Health: 0/25       AC:  3    Str: 11    XL:     4   Next: 66%
Magic:  4/6        EV: 12    Int: 13    God:
Gold:   93         SH:  0    Dex: 15    Spells: 1 memorised, 4 levels left

rFire  . . .     SeeInvis .     a - +4 dagger
rCold  . . .     Clarity  .     h - +1 robe
rNeg   . . .     SustAb   .     (no shield)
rPois  .         Gourm    .     (helmet restricted)
rElec  .         Spirit   .     (no cloak)
rCorr  .         Warding  .     (no gloves)
rMut   .         Stasis   .     (boots unavailable)
MR     .....                    (no amulet)
Stlth  +.........               (no ring)
                                (no ring)

@: not resistant to hostile enchantments, very unstealthy
A: beak, talons 3
a: no special abilities


You were on level 3 of the Dungeon.
You were not hungry.

You visited 1 branch of the dungeon, and saw 3 of its levels.

You collected 93 gold pieces.

Inventory:

Hand weapons
 a - a +4 dagger (weapon)
 b - a +0 shortbow
Missiles
 c - 44 arrows
Armour
 h - a +1 robe (worn)
Jewellery
 e - a cursed -3 ring of dexterity {unknown}
 j - an uncursed ring of protection from fire {unknown}
Magical devices
 r - a wand of polymorph (24)
Scrolls
 i - a scroll of identify
 m - 2 scrolls of remove curse
 s - 2 scrolls of random uselessness
 t - a scroll of amnesia {unknown}
Books
 d - a book of Debilitation

   Spells                             Type                      Level
   a - Corona                         Hexes                        1
   b - Slow                           Hexes                        2
   c - Inner Flame                    Hexes/Fire                   3
   d - Enslavement                    Hexes                        4
   e - Cause Fear                     Hexes                        4
   f - Leda's Liquefaction            Hexes/Earth                  4
Comestibles
 f - a bread ration
 g - 4 fruits
 k - 3 chunks of flesh
 n - a beef jerky


   Skills:
 - Level 1.0 Fighting
 + Level 3.1 Short Blades
 - Level 3.8 Bows
 - Level 2.1 Dodging
 - Level 1.0 Spellcasting
 - Level 2.1 Hexes


You had 4 spell levels left.
You knew the following spells:

 Your Spells              Type           Power        Failure   Level  Hunger
a - Corona                Hex            #......      14%         1    ##.....


Dungeon Overview and Level Annotations

Branches:
Dungeon (3/15)

Altars:

Annotations:
D:2 Sigmund


Innate Abilities, Weirdness & Mutations

You have a beak for a mouth.
You have claws for feet.


Message History

The orc wizard is heavily wounded.
You barely miss the orc wizard. Your kick misses the orc wizard.
The orc wizard is heavily wounded.
The orc wizard barely misses you. The orc wizard hits you with a dagger.
You closely miss the orc wizard. Your kick misses the orc wizard.
The orc wizard is heavily wounded.
The orc hits you with a war axe! The orc wizard barely misses you.
You hit the orc wizard.
The orc wizard is heavily wounded.
The orc wizard barely misses you.
The orc wizard stops glowing.
The orc hits you with a war axe.
Things that are here:
a flail; 3 tomahawks The orc wizard gestures at you while chanting.
The magic dart hits you!
* * * LOW HITPOINT WARNING * * *
You see here a mace.
The orc wizard points at you and mumbles some strange words.
The magic dart hits you!
You die...

#..........####.....#(#
#.......##.......#..#(#
#.......##.#######.##.#
#.....[..#.#####......######
..................oo........>
#.......#..##.##.#)#########
..###.#.#..##....o....# #.#
#.#....##...).....# ..#
#.#.#.......@.....# ..#
#.#....##.####.#### ..#
#.#...... ..# #.# #.##....
..# #.# #.# ..# #.# ..# ..#
.# ### ..# ..####


You could see an orc wizard and 2 orcs.

Vanquished Creatures
  4 adders
  3 worms
  5 orcs (D:3)
  7 giant cockroaches
  3 goblins
  8 hobgoblins
  A ball python (D:3)
  4 bats
  A giant newt (D:1)
  3 kobolds
  6 rats
45 creatures vanquished.

Notes
Turn   | Place    | Note
--------------------------------------------------------------
     0 | D:1      | TIT, the Tengu Arcane Marksman, began the quest for the Orb.
     0 | D:1      | Reached XP level 1. HP: 12/12 MP: 2/2
   170 | D:1      | Reached XP level 2. HP: 16/16 MP: 2/4
   245 | D:1      | Reached skill level 3 in Bows
  1097 | D:2      | Reached XP level 3. HP: 20/20 MP: 3/5
  1153 | D:2      | Reached skill level 1 in Short Blades
  1273 | D:2      | Noticed Sigmund
  1687 | D:3      | Reached XP level 4. HP: 25/25 MP: 2/6
  2399 | D:3      | Killed from afar by an orc wizard

Action                   |  1- 3 |  4- 6 || total
-------------------------+-------+-------++-------
Melee: Unarmed           |    14 |       ||    14
       Dagger            |    24 |    18 ||    42
       Shortbow          |       |     1 ||     1
 Fire: Shortbow          |    64 |    21 ||    85
 Cast: Corona            |    29 |    17 ||    46
  Use: Scroll            |     7 |     1 ||     8
       Potion            |       |     5 ||     5
 Stab: Sleeping          |     1 |       ||     1
  Eat: Chunk             |     3 |     4 ||     7
